Map: Acropolis LE

Players

BluE - Winner!

  • Race: Protoss Protoss
  • Spawn Location: 11:00

Fallenger

  • Race: Zerg Zerg
  • Spawn Location: 5:00

Event: 2019 WCS Summer

VOD

Have the link to the VOD?

Description

Time

  • Played on: July 12, 2019, 9:08 a.m.
  • Length: 10:46

All games in this series

Show
View Real Time Build Order
Export as new Build Order

BluE Protoss - Winner!

Build Orders: 1 Gate Expand, Oracle Opening, Archon Immortal, Archon Drop 

Get SALT Encoding   

  12  0:00  Probe  
  13  0:12  Probe  
  14  0:20  Pylon  
  14  0:24  Probe  
  15  0:34  Probe  
  15  0:41  Gateway  
  16  0:43  Probe  
  16  0:44  Assimilator  
  17  0:57  Probe  
  18  1:09  Probe  
  19  1:21  Probe  
  20  1:28  Nexus  
  20  1:39  Probe, Cybernetics Core  
  21  1:46  Assimilator  
  21  1:51  Probe  
  22  1:55  Pylon  
  22  2:03  Probe  
  22  2:05  Adept  
  25  2:16  Probe  
  25  2:19  Stargate  
  26  2:25  Probe  
  26  2:28  Warp Gate  
  27  2:33  Probe  
  27  2:37  Stalker  
  27  2:38  Probe  
  31  2:44  Probe  
  31  2:46  Probe  
  33  2:54  Probe  
  33  2:56  Probe  
  33  2:57  Oracle  
  35  3:08  Probe  
  35  3:09  Probe  
  40  3:15  Pylon  
  40  3:20  Probe  
  40  3:21  Probe  
  42  3:29  Oracle  
  42  3:31  Gateway  
  42  3:32  Probe  
  42  3:33  Probe  
  44  3:36  Assimilator  
  44  3:38  Assimilator  
  47  3:44  Probe  
  47  3:45  Probe  
  49  3:52  Robotics Facility  
  49  3:56  Probe, Pylon  
  49  3:58  Probe  
  51  4:08  Probe  
  52  4:10  Probe  
  52  4:11  Twilight Council  
  53  4:17  Gateway x2  
  53  4:20  Probe  
  54  4:27  Pylon  
  54  4:28  Adept  
  56  4:32  Probe  
  56  4:33  Warp Prism  
  56  4:37  Probe  
  60  4:50  Templar Archives  
  60  4:58  Probe  
  61  5:00  Nexus  
  61  5:02  Pylon  
  61  5:12  Observer, Probe  
  61  5:13  Probe, Pylon  
  64  5:22  Forge  
  64  5:24  Probe  
  64  5:26  Probe  
  66  5:32  Immortal  
  66  5:36  Probe, High Templar  
  66  5:37  High Templar x3  
  66  5:38  Probe  
  66  5:40  Archon, Pylon  
  66  5:41  Archon  
  80  5:47  Protoss Ground Weapons Level 1  
  80  5:48  Probe  
  81  5:50  Probe  
  81  5:53  Charge  
  82  6:00  Probe  
  82  6:03  Probe, Immortal  
  84  6:11  Shield Battery  
  83  6:12  Probe, Shield Battery  
  83  6:13  Shield Battery  
  83  6:15  Pylon  
  83  6:16  Sentry  
  90  6:19  Shield Battery  
  90  6:21  Shield Battery  
  90  6:23  Zealot x2  
  94  6:29  Pylon  
  94  6:30  Probe  
  94  6:31  Probe x2  
  97  6:36  Zealot  
  99  6:41  Gateway  
  99  6:42  Zealot, Immortal  
  105  6:48  Zealot  
  107  6:57  Probe  
  107  6:59  Gateway  
  107  7:00  Sentry  
  107  7:01  Sentry  
  112  7:07  Gateway, Pylon  
  112  7:08  Pylon  
  112  7:18  Probe, Immortal  
  112  7:19  Probe  
  112  7:22  High Templar x2  
  122  7:26  Zealot  
  122  7:27  Zealot, Archon  
  122  7:29  Probe  
  127  7:30  Assimilator, Probe  
  127  7:32  Pylon  
  127  7:33  Photon Cannon, Assimilator  
  127  7:36  Photon Cannon  
  128  7:37  Sentry  
  128  7:39  Probe  
  128  7:41  Probe  
  128  7:43  Probe  
  133  7:47  Pylon  
  133  7:51  Probe, Protoss Ground Weapons Level 2  
  133  7:53  Probe  
  135  8:00  Zealot x3  
  135  8:04  Pylon  
  135  8:05  Observer, Pylon  
  142  8:15  Zealot  
  142  8:16  Zealot x3  
  150  8:22  Zealot x3, Gateway x2  
  150  8:27  Pylon  
  156  8:28  Photon Cannon  
  156  8:31  Photon Cannon  
  156  8:37  Immortal  
  160  8:48  High Templar x4  
  160  8:49  Zealot x3  
  160  8:51  Phoenix  
  160  8:52  Pylon  
  160  8:53  Archon x2, Pylon  
  176  9:15  Zealot x3  
  178  9:22  Zealot x5  
  185  9:25  Phoenix  
  161  9:38  Zealot x2  
  161  9:39  Zealot  
  161  9:42  Zealot x2, Phoenix  
  169  9:47  Immortal  
  159  9:55  Zealot x3  
  159  9:59  Zealot x4  
  142  10:15  Zealot x3  
  142  10:19  Sentry x2  
  142  10:20  Sentry x3  
  144  10:28  Zealot  
  138  10:40  Zealot x3  
  148  10:43  Nexus  
  148  10:44  Pylon  
Show
View Real Time Build Order
Export as new Build Order

Fallenger Zerg 

Build Orders: Hatch First 

Get SALT Encoding   

  12  0:01  Drone  
  13  0:13  Overlord  
  13  0:18  Drone  
  14  0:31  Drone x2  
  16  0:48  Hatchery  
  15  0:51  Drone  
  15  0:55  Drone  
  17  0:58  Drone  
  18  1:08  Extractor  
  17  1:13  Spawning Pool  
  17  1:16  Drone  
  17  1:20  Drone  
  18  1:30  Drone  
  19  1:39  Drone  
  20  1:49  Hatchery  
  20  1:53  Drone  
  20  2:00  Queen  
  22  2:03  Drone  
  22  2:06  Drone  
  24  2:12  Overlord  
  24  2:16  Drone  
  24  2:22  Metabolic Boost  
  25  2:28  Drone  
  26  2:32  Queen  
  28  2:39  Queen  
  28  2:42  Zergling x2  
  32  2:44  Zergling x2  
  32  2:49  Drone x2  
  32  2:50  Drone  
  35  2:54  Drone  
  36  3:01  Overlord  
  36  3:03  Drone  
  37  3:13  Overlord  
  37  3:14  Drone x2  
  37  3:19  Queen  
  41  3:21  Queen  
  41  3:23  Drone  
  41  3:25  Drone  
  45  3:28  Drone  
  45  3:31  Drone x2  
  45  3:33  Spore Crawler  
  47  3:38  Drone  
  48  3:43  Overlord  
  48  3:45  Drone x3  
  48  3:47  Drone  
  48  3:48  Drone x2  
  54  3:50  Drone  
  54  3:51  Drone  
  56  3:56  Roach Warren  
  56  4:01  Lair  
  55  4:03  Drone  
  55  4:04  Drone  
  55  4:06  Drone  
  58  4:10  Extractor  
  58  4:11  Extractor  
  58  4:15  Drone x2  
  58  4:16  Drone x2  
  60  4:17  Evolution Chamber  
  60  4:18  Spore Crawler  
  60  4:19  Spore Crawler  
  60  4:20  Drone  
  58  4:27  Drone x2  
  58  4:29  Drone x3  
  58  4:30  Extractor  
  62  4:32  Drone x2  
  62  4:33  Overlord  
  64  4:41  Overlord  
  64  4:45  Drone x3  
  62  4:52  Drone  
  62  4:53  Drone x2  
  62  4:54  Zerg Missile Weapons Level 1  
  63  5:02  Glial Reconstitution  
  63  5:04  Overlord  
  62  5:12  Roach x6  
  71  5:23  Roach x5  
  71  5:24  Overlord  
  71  5:25  Overlord  
  71  5:27  Overlord  
  81  5:37  Roach x4  
  81  5:39  Overlord  
  81  5:41  Overlord  
  81  5:42  Overseer  
  89  5:45  Roach  
  89  5:48  Roach  
  89  5:49  Roach  
  95  5:52  Overseer  
  95  5:59  Roach  
  95  6:00  Roach x3  
  102  6:18  Zergling x14  
  103  6:19  Zergling x4  
  111  6:31  Overlord  
  107  6:50  Roach x7  
  107  6:51  Roach x6  
  129  6:59  Drone x5  
  134  7:02  Extractor  
  133  7:12  Spire  
  133  7:14  Overlord x3  
  133  7:15  Extractor  
  131  7:18  Overlord x2  
  131  7:22  Overlord, Zerg Missile Weapons Level 2  
  131  7:23  Overlord  
  131  7:33  Drone  
  131  7:34  Drone x4  
  136  7:39  Drone x2  
  138  7:48  Hatchery  
  137  7:57  Overlord  
  137  7:59  Roach x7  
  151  8:23  Roach x7  
  151  8:24  Mutalisk  
  151  8:25  Mutalisk x2  
  171  8:29  Mutalisk  
  173  8:38  Mutalisk  
  175  8:41  Roach  
  175  8:42  Roach x3  
  183  8:51  Overlord  
  183  8:52  Overlord  
  183  8:53  Roach x4  
  183  8:54  Overlord  
  191  8:59  Overlord  
  191  9:01  Ravager x2  
  193  9:03  Overlord  
  193  9:04  Zergling x6, Roach  
  189  9:23  Roach x5  
  189  9:24  Roach x6  
  165  9:41  Roach x9  
  142  9:58  Roach x10  
  142  10:00  Roach  
  118  10:18  Roach  
  118  10:19  Roach x9  
Tags
 
Add a new tag
Caveats
  • Supply blocks, unpowered buildings, or Contaminate may cause inaccurate times.
  • Supply counts are checked every 10 seconds.